 Dungeon Crawl Stone Soup version 0.27-a0-836-gfc908b8576 (webtiles) character file.

Game seed: 18230982111233807328

15 polve the Ruffian (level 2, -4/24 HPs)
             Began as a Draconian Transmuter on Apr 1, 2021.
             Slain by a water moccasin (5 damage)
             ... on level 2 of the Dungeon.
             The game lasted 00:00:35 (1032 turns).

polve the Ruffian (Draconian Transmuter)            Turns: 1032, Time: 00:00:35

Health: -4/24      AC:  4    Str: 12    XL:     2   Next: 34%
Magic:  4/5        EV: 12    Int: 13    God:
Gold:   37         SH:  0    Dex: 11    Spells: 4/5 levels left

rFire    . . .     SeeInvis .     - Unarmed
rCold    . . .     Faith    .   (no shield)
rNeg     . . .     Spirit   .   (armour unavailable)
rPois    .         Reflect  .   (helmet currently unavailable)
rElec    .         Harm     .   (no cloak)
rCorr    .         Rampage  .   (no gloves)
Will     .....                  (boots currently unavailable)
Stlth    +.........             (no amulet)
HPRegen  0.08/turn              (no ring)
MPRegen  0.09/turn              (no ring)

@: lethally poisoned (-4 -> -28), appendages
A: horns 2, talons 2, AC +4, unfitting armour, cold-blooded
a: End Transformation


You were on level 2 of the Dungeon.
You had temporarily grown beastly horns and talons.
You visited 1 branch of the dungeon, and saw 2 of its levels.

You collected 37 gold pieces.

Inventory:

Jewellery
 b - a +6 ring of dexterity
Scrolls
 a - 2 scrolls of noise {unknown}
Potions
 c - a potion of curing {unknown}
 d - a potion of lignification {unknown}


   Skills:
 + Level 2.1 Fighting
 - Level 1.7 Dodging
 + Level 3.3 Unarmed Combat
 - Level 2.0 Spellcasting
 - Level 2.0 Transmutations


You had 4 spell levels left.
You knew the following spells:

 Your Spells              Type           Power      Damage    Failure   Level
a - Beastly Appendage     Tmut           12%        N/A       11%         1

Your spell library contained the following spells:

 Spells                   Type           Power      Damage    Failure   Level
 Wereblood                Tmut           6%         N/A       17%         2
 Animate Skeleton         Necr           2%         N/A       26%         1
 Apportation              Tloc           2%         N/A       26%         1
 Corona                   Hex            1%         N/A       26%         1
 Summon Small Mammal      Summ           4%         N/A       26%         1
 Spider Form              Tmut/Pois      1%         N/A       45%         3
 Ice Form                 Ice/Tmut       3%         N/A       86%         4
 Hydra Form               Tmut           3%         N/A       97%         5


Dungeon Overview and Level Annotations

Branches:
Dungeon (2/15)

Altars:


Innate Abilities, Weirdness & Mutations

You have temporarily grown beastly horns and talons.
Your plain brown scales are hard. (AC +4)
You cannot fit into any form of body armour.
You are cold-blooded and may be slowed by cold attacks.


Message History

You are too injured to fight recklessly!
You are too injured to fight recklessly!
You are too injured to fight recklessly!
You are too injured to fight recklessly!
You are too injured to fight recklessly!
You are too injured to fight recklessly!
You are too injured to fight recklessly!
You are too injured to fight recklessly!
You are too injured to fight recklessly!
You are too injured to fight recklessly!
You are too injured to fight recklessly!
You are too injured to fight recklessly!
You are too injured to fight recklessly!
You are too injured to fight recklessly!
You are too injured to fight recklessly!
You hit the endoplasm.
You kill the endoplasm!
The water moccasin hisses angrily.
Casting: Beastly Appendage (safe; 11% risk of failure)
Confirm with . or Enter, or press ? or * to list all spells.
You extend your transformation's duration.
You feel yourself speed up. The water moccasin closely misses you.
You hit the water moccasin.
The water moccasin is lightly wounded.
The water moccasin bites you!
The water moccasin bites you but does no damage.
You miss the water moccasin.
You headbutt the water moccasin, but do no damage.
The water moccasin is lightly wounded.
The water moccasin bites you.
* * * LOW HITPOINT WARNING * * *
You are lethally poisoned!
The water moccasin poisons you!
You barely miss the water moccasin. Your kick misses the water moccasin.
The water moccasin is lightly wounded.
* * * LOW HITPOINT WARNING * * *
You feel very sick. The water moccasin bites you.
You die...

... ###.#. #.# #.....
#.## #.#.## #..##
####.#..#
####...######........
+..................(.
####...######.##.#...
#..## #.##..#.#
#@#### #.###.#.#
#.S..# #.###.#.#
####.# #.......# #.#
#####.### #.# #.# #S#
#.# #.# #.# ..# #.#
### #.###


You could see a water moccasin.

Vanquished Creatures
  A dart slug (D:1)
  4 endoplasms
  2 giant cockroaches
  3 ball pythons
  A bat (D:2)
  A kobold (D:1)
12 creatures vanquished.

Notes
Turn   | Place    | Note
-------+----------+-------------------------------------------
     0 | D:1      | polve the Draconian Transmuter began the quest for the Orb.
     0 | D:1      | Reached XP level 1. HP: 16/16 MP: 3/3
   459 | D:1      | Reached XP level 2. HP: 24/24 MP: 3/5
  1021 | D:2      | Noticed a water moccasin
  1032 | D:2      | HP: 1/24 [poisoned by a water moccasin]
  1032 | D:2      | Slain by a water moccasin

Illustrated notes

Levels and vault maps discovered:
D:1:      lightli_arrival_flooded_house, layout_loops_ring
D:2:      layout_loops_corners, eat_drink_and_be_merry_uskayaw

Skill      XL: |  1  2 |
---------------+-------+-----
Fighting       | 2 |  2.1
Dodging        | |  1.7
Unarmed Combat | |  3.3
Spellcasting   | |  2.0
Transmutations | |  2.0

Action                   || total
-------------------------++-------
Melee: Unarmed           ||    34
       Headbutt          ||     3
       Kick              ||     6
       Tailslap          ||     1
 Cast: Beastly Appendage ||    12
Armor: Skin              ||    10
Dodge: Dodged            ||    23

Table legend: (Time is in decaauts)
 A = Elapsed time spent in this place.
 B = Non-inter-level travel time spent in this place.
 C = Inter-level travel time spent in this place.
 D = Time resting spent in this place.
 E = Time spent auto-exploring this place.
 F = Levels seen in this place.
 G = Mean time per level.
                   A        B        C        D        E       F      G
               +--------+--------+--------+--------+--------+-----+--------+
         Total |   1035 |   1022 |     13 |      0 |    923 |   2 |  517.5 |
       Dungeon |   1035 |   1022 |     13 |      0 |    923 |   2 |  517.5 |
               +--------+--------+--------+--------+--------+-----+--------+

Top non-repeatable levels by time:
     D:1: 749 daAuts
     D:2: 286 daAuts
